 Dungeon Crawl Stone Soup version 0.29.1-12-g30fa7ad0bf (webtiles) character file.

Game seed: 393278182885731757

1652 zeram the Poker (level 9, 0/108 (117) HPs)
             Began as a Hill Orc Fighter on Dec 13, 2022.
             Was a Follower of Qazlal.
             Slain by an orc wizard
             ... wielding a +0 dagger of draining
              (2 damage)
             ... on level 6 of the Dungeon.
             The game lasted 00:08:36 (5837 turns).

zeram the Poker (Hill Orc Fighter)                  Turns: 5837, Time: 00:08:37

HP:   0/108 (117)   AC: 10    Str: 23    XL:     9   Next: 0%
MP:   9/9           EV:  7    Int:  8    God:    Qazlal [*.....]
Gold: 361           SH:  0    Dex: 10    Spells: 8/8 levels left

rFire   . . .      SeeInvis .   g - +2 trident (vamp)
rCold   . . .      Faith    .   i - +0 tower shield
rNeg    . . .      Spirit   .   b - +0 scale mail
rPois   .          Reflect  .   h - +0 helmet
rElec   .          Harm     .   j - +0 cloak
rCorr   .          Rampage  .   (no gloves)
Will    .....                   (no boots)
Stlth   ..........              (no amulet)
HPRegen 0.28/turn               (no ring)
MPRegen 0.11/turn               (no ring)

@: confused, berserking, drained, very quick
A: no striking features
a: Renounce Religion, Convert to Beogh


You were on level 6 of the Dungeon.
You worshipped Qazlal.
Qazlal was aware of your devotion.
You visited 1 branch of the dungeon, and saw 6 of its levels.

You collected 455 gold pieces.
You spent 94 gold pieces at shops.

Inventory:

Hand Weapons
 a - a +0 war axe
 g - a +2 vampiric trident (weapon)
Missiles
 r - a throwing net (quivered)
Armour
 b - a +0 scale mail (worn)
 h - a +0 helmet (worn)
 i - a +0 tower shield (worn)
 j - a +0 cloak (worn)
Scrolls
 c - a scroll of amnesia
 f - a scroll of poison
 n - a scroll of fear
 q - a scroll of teleportation
Potions
 d - a potion of resistance {unknown}
 e - a potion of brilliance {unknown}
 k - 3 potions of lignification
 l - 3 potions of mutation
 m - 4 potions of degeneration
 o - a potion of berserk rage
 p - a potion of flight {unknown}


   Skills:
 + Level 6.5 Fighting
 + Level 3.5(6.5) Axes
 + Level 7.2(7.5) Polearms
 + Level 6.0 Armour
 + Level 2.0 Dodging
 + Level 6.3 Shields


You had 8 spell levels left.
You didn't know any spells.
Your spell library was empty.

Dungeon Overview and Level Annotations

Branches:
Dungeon (6/15)             Temple (0/1) D:6

Altars:
Cheibriados
Qazlal

Shops:
D:2 *   D:3 [


Message History

The orc priest is almost dead.
The orc hits you with a +0 mace. x2
* * * LOW HITPOINT WARNING * * *
The orc priest barely misses you.
The orc wizard hits you with a +0 dagger.
* * * LOW HITPOINT WARNING * * *
Something hits you but does no damage.
You feel drained. The orc hits you but does no damage. x2
The orc wizard hits you with a +0 dagger.
* * * LOW HITPOINT WARNING * * *
Something hits you but does no damage.
You feel drained. The orc priest hits you with a +0 whip.
* * * LOW HITPOINT WARNING * * *
It was a potion of berserk rage.
A red film seems to cover your vision as you go berserk!
You feel yourself moving faster!
You feel mighty! The orc barely misses you.
The orc priest mumbles some strange prayers to Beogh against you.
Beogh smites you!
* * * LOW HITPOINT WARNING * * *
The orc barely misses you.
The orc wizard hits you but does no damage.
Something hits you.
* * * LOW HITPOINT WARNING * * *
You feel drained.
Unknown command.
You are too berserk!
Unknown command.
You are too berserk!
You miss the orc priest.
The orc priest is almost dead.
Unknown command.
You miss the orc priest.
The orc priest is almost dead.
The orc hits you but does no damage. x2
The orc priest hits you with a +0 whip.
* * * LOW HITPOINT WARNING * * *
The orc wizard casts a spell at you.
The puff of flame hits you but does no damage.
Something hits you.
You die...

#. #.#
##.####.#
#.......#
#.......#
#....?..######
#.....).......
#.......#####.
#....oo.#
#....@{.#
#.../oo..#
#####....#
#...!# #......
#.....##
#.....#
#.....#


You could see an orc priest, an orc wizard and 2 orcs.

Vanquished Creatures
  Sigmund (D:3)
  Eustachio (D:4)
  A black bear (D:5)
  2 ogres (D:4)
  A sky beast (D:4)
  2 centaurs
  2 bullfrogs (D:6)
  Blork the orc (D:4)
  2 scorpions (D:5)
  3 hounds
  2 iguanas
  3 orc wizards (D:3)
  10 gnolls
  11 adders
  A white imp (D:4)
  2 ufetubi
  2 worms
  2 dart slugs
  9 orcs
  7 endoplasms
  3 giant cockroaches
  8 goblins
  7 hobgoblins
  10 jackals
  2 quokkas
  7 ball pythons
  10 bats
  5 frilled lizards
  9 kobolds
  5 rats
131 creatures vanquished.

Notes
Turn   | Place    | Note
-------+----------+-------------------------------------------
     0 | D:1      | zeram the Hill Orc Fighter began the quest for the Orb.
     0 | D:1      | Reached XP level 1. HP: 19/19 MP: 1/1
   106 | D:1      | Reached XP level 2. HP: 27/27 MP: 2/2
   839 | D:1      | Reached XP level 3. HP: 33/33 MP: 3/3
  1178 | D:2      | Found Weonuab's General Store.
  1263 | D:2      | Bought a scroll of teleportation for 36 gold pieces
  1357 | D:2      | Found a faded altar of an unknown god.
  1387 | D:2      | Reached XP level 4. HP: 41/41 MP: 4/4
  1722 | D:3      | Reached skill level 1 in Polearms
  1814 | D:3      | Found Abavat's Armour Emporium.
  1838 | D:3      | Reached XP level 5. HP: 29/47 MP: 5/5
  1847 | D:3      | Bought a +0 tower shield for 58 gold pieces
  2287 | D:3      | Reached skill level 2 in Polearms
  2704 | D:3      | Noticed Sigmund
  2712 | D:3      | Killed Sigmund
  2713 | D:3      | Reached skill level 5 in Fighting
  2713 | D:3      | Reached skill level 3 in Polearms
  2713 | D:3      | Reached XP level 6. HP: 47/56 MP: 6/6
  3059 | D:3      | Reached skill level 1 in Dodging
  3384 | D:4      | Noticed Eustachio
  3407 | D:4      | Killed Eustachio
  3408 | D:4      | Reached skill level 4 in Polearms
  3408 | D:4      | Reached skill level 5 in Armour
  3408 | D:4      | Reached XP level 7. HP: 31/61 MP: 7/7
  3622 | D:4      | Reached skill level 5 in Shields
  3827 | D:4      | Found a stormy altar of Qazlal.
  3827 | D:4      | Noticed Blork the orc
  3845 | D:4      | Killed Blork the orc
  3855 | D:4      | Reached skill level 5 in Polearms
  3866 | D:4      | Became a worshipper of Qazlal Stormbringer
  3932 | D:4      | Found a snail-covered altar of Cheibriados.
  3969 | D:4      | Reached XP level 8. HP: 67/70 MP: 8/8
  4472 | D:5      | Entered Level 5 of the Dungeon
  4821 | D:5      | Reached skill level 6 in Polearms
  5602 | D:6      | Reached * piety under Qazlal
  5756 | D:6      | Reached skill level 7 in Polearms
  5799 | D:6      | Found a staircase to the Ecumenical Temple.
  5821 | D:6      | Reached XP level 9. HP: 78/78 MP: 9/9
  5835 | D:6      | HP: 4/109 [orc priest/divine providence (11)]
  5837 | D:6      | Slain by an orc wizard

Illustrated notes

Levels and vault maps discovered:
D:1:      eino_arrival_druids_welcome, layout_basic
D:2:      layout_rooms, serial_shops, nicolae_shop_statue_plus,
          shapermc_ecumenical_altar_starsandcircs
D:3:      layout_rooms, serial_shops, nicolae_shop_trees,
          serial_co_window_serial, co_window_paths_a, co_window_corner_a,
          co_window_cross_1, co_window_paths_a, co_window_paths_b,
          co_window_cross_3, co_window_broadway_c, co_window_2corner,
          glass_columns_b, glass_columns_a, glass_columns_a,
          grunt_ministairs_11, uniq_sigmund
D:4:      nicolae_cairo_tiling_large_dashed, layout_loops_ring,
          mainiacjoe_overflow_two_lobes, uniq_eustachio, uniq_blork_the_orc
D:5:      layout_basic
D:6:      layout_basic, minmay_temple_entry_statues_pillars,
          minmay_misc_feat_cross

Skill      XL: |  1  2  3  4  5  6  7  8 |
---------------+-------------------------+-----
Fighting       | 4 5 6 |  6.5
Axes           | 3 |  3.5
Polearms       | 1 3 4 5 7 |  7.2
Armour         | 4 5 6 |  6.0
Shields        | 4 5 6 |  6.3
Dodging        | 1 2 |  2.0

Action                   |  1- 3 |  4- 6 |  7- 9 || total
-------------------------+-------+-------+-------++-------
Melee: War axe           |    84 |       |       ||    84
       Trident           |    37 |   190 |   196 ||   423
  Use: Scroll            |     6 |     5 |     2 ||    13
       Potion            |     2 |     2 |     3 ||     7
Armor: Scale mail        |    76 |    92 |    96 ||   264
Dodge: Dodged            |    71 |    62 |    39 ||   172
Block: Buckler           |    31 |     8 |       ||    39
       Tower shield      |       |    98 |   150 ||   248
